 Dungeon Crawl Stone Soup version 0.30.0-17-ge0270778cf (webtiles) character file.

Game seed: 448936722024992734

2091 Hubris850 the Cleaver (level 9, -8/71 HPs)
             Began as a Hill Orc Fighter on May 22, 2023.
             Was a Priest of Beogh.
             Mangled by a troll (16 damage)
             ... on level 6 of the Dungeon.
             The game lasted 00:12:03 (4727 turns).

Hubris850 the Cleaver (Hill Orc Fighter)            Turns: 4727, Time: 00:12:04

Health: -8/71      AC:  8    Str: 23    XL:     9   Next: 27%
Magic:  13/13      EV:  9    Int:  8    God:    Beogh [***...]
Gold:   191        SH:  5    Dex: 12    Spells: 8/8 levels left

rFire   . . .        a - +0 war axe
rCold   + . .        c - +0 buckler
rNeg    . . .        b - +0 scale mail
rPois   .            (no helmet)
rElec   .            (no cloak)
rCorr   .            (no gloves)
SInv    .            (no boots)
Will    .....        x - amulet of regeneration Stlth
                     q - ring of protection from cold
HPRegen 1.11/turn    y - ring "Wofaseza" {Wiz Str+2}
MPRegen 0.13/turn

%: wizardry (x1)
@: no status effects
A: no striking features
a: Renounce Religion, Smiting


You were on level 6 of the Dungeon.
You worshipped Beogh.
Beogh was most pleased with you.
You visited 1 branch of the dungeon, and saw 6 of its levels.

You collected 233 gold pieces.
You spent 42 gold pieces at shops.

Inventory:

Hand Weapons
 a - a +0 war axe (weapon)
Missiles
 i - 14 javelins
 z - 3 boomerangs (quivered)
Armour
 b - a +0 scale mail (worn)
 c - a +0 buckler (worn)
 e - a +0 plate armour
 F - +0 steam dragon scales
Jewellery
 q - a ring of protection from cold (left hand)
 x - an amulet of regeneration (around neck)
 y - the ring "Wofaseza" (right hand) {Wiz Str+2}
   (You found it on level 4 of the Dungeon)

   [ring of wizardry]

   It improves your spell success rate.
   Str:       It affects your strength (+2).
Wands
 v - a wand of flame (14)
 B - a wand of acid (8)
 E - a wand of iceblast (3)
Scrolls
 g - 2 scrolls of fear {unknown}
 h - a scroll of silence {unknown}
 k - 2 scrolls of amnesia {unknown}
 n - 2 scrolls of teleportation {unknown}
 o - 2 scrolls of enchant armour {unknown}
 p - 2 scrolls of enchant weapon {unknown}
 A - a scroll of immolation {unknown}
 C - a scroll of poison {unknown}
 D - a scroll of magic mapping {unknown}
 G - a scroll of fog {unknown}
Potions
 d - a potion of might
 f - 2 potions of attraction
 j - 2 potions of flight
 l - a potion of brilliance
 m - 2 potions of berserk rage
 r - 3 potions of invisibility
 s - a potion of magic {unknown}
 t - a potion of lignification
 u - 2 potions of curing
 w - 3 potions of mutation


   Skills:
 - Level 4.0 Fighting
 + Level 8.9 Axes
 - Level 3.0 Throwing
 + Level 7.8 Armour
 - Level 6.0 Shields
 - Level 6.0 Invocations


You had 8 spell levels left.
You didn't know any spells.
Your spell library contained the following spells:

 Spells                   Type           Power      Damage    Failure   Level
 Freeze                   Ice            0%         1d3       41%         1
 Frozen Ramparts          Ice            0%         1d1       77%         3
 Hailstorm                Conj/Ice       0%         3d3       77%         3


Dungeon Overview and Level Annotations

Branches:
Dungeon (6/15)
 Temple: D:4-7

Altars:
Ashenzari
Gozag
Vehumet
Xom
The Shining One
Beogh

Shops:
D:1 *   D:3 :[*=


Message History

You barely miss the troll.
The troll is lightly wounded.
The troll bites you. The troll claws you. x2
You hit the troll.
The troll is moderately wounded.
The troll bites you! The troll barely misses you. You block the troll's attack.
You closely miss the troll.
The troll is moderately wounded.
You block the troll's attack. The troll barely misses you. The troll claws you.
You barely miss the troll.
The troll is moderately wounded.
The troll bites you but does no damage. The troll barely misses you.
You block the troll's attack.
You slash the troll!
The troll is heavily wounded.
You block the troll's attack. The troll claws you! The troll barely misses you.
You hit the troll.
The troll is heavily wounded.
You block the troll's attack. The troll claws you. The troll barely misses you.
You hit the troll.
The troll is heavily wounded.
The troll barely misses you. The troll claws you! You block the troll's attack.
You are too injured to fight recklessly!
You are too injured to fight recklessly!
You are too injured to fight recklessly!
You slash the troll!
The troll is severely wounded.
The troll bites you!
* * * LOW HITPOINT WARNING * * *
The troll barely misses you. The troll closely misses you.
You closely miss the troll.
The troll is severely wounded.
You block the troll's attack. The troll claws you!
* * * LOW HITPOINT WARNING * * *
The troll claws you.
* * * LOW HITPOINT WARNING * * *
You barely miss the troll.
The troll is severely wounded.
The troll bites you!
You die...

##########............###
#.....######.... #.....#
#.... #.....# #....
#.....# #....
#########.....# #....
..............# #####
..............#
......T@......#
..............#
..............#
..............#
..............#
..............#
..............#
###############


You could see a troll.

Vanquished Creatures
  Sigmund (D:2)
  Eustachio (D:5)
  A steam dragon (D:6)
  A water moccasin (D:6)
  A black bear (D:5)
  2 orc warriors
  An ice beast (D:6)
  A sky beast (D:5)
  A centaur (D:6)
  2 bullfrogs (D:6)
  4 scorpions
  3 killer bees (D:6)
  2 howler monkeys
  An orc priest (D:5)
  4 hounds
  A jelly (D:5)
  A gnoll bouda (D:5)
  A sleepcap (D:6)
  6 gnolls
  6 adders
  2 white imps
  5 worms
  A dart slug (D:3)
  6 orcs
  9 bats
  7 endoplasms
  3 giant cockroaches
  6 hobgoblins
  7 kobolds
  4 quokkas
  4 ball pythons (D:1)
  2 frilled lizards
  6 goblins
  8 rats
111 creatures vanquished.

Notes
Turn   | Place    | Note
-------+----------+-------------------------------------------
     0 | D:1      | Hubris850 the Hill Orc Fighter began the quest for the Orb.
     0 | D:1      | Reached XP level 1. HP: 19/19 MP: 1/1
   106 | D:1      | Reached XP level 2. HP: 26/27 MP: 2/2
   159 | D:1      | Reached skill level 3 in Axes
   365 | D:1      | Reached XP level 3. HP: 33/33 MP: 3/3
   386 | D:1      | Found Hoh Xosu's Assorted Antiques.
   498 | D:1      | Found a faded altar of an unknown god.
   525 | D:1      | Prayed at the altar of an unknown god.
   525 | D:1      | Became a worshipper of Beogh the Brigand
   525 | D:1      | Reached * piety under Beogh
  1132 | D:2      | Reached skill level 1 in Invocations
  1132 | D:2      | Reached XP level 4. HP: 39/40 MP: 4/4
  1287 | D:2      | Noticed Sigmund
  1299 | D:2      | HP: 2/40 [Sigmund/puff of flame (8)]
  1300 | D:2      | Killed Sigmund
  1301 | D:2      | Reached skill level 4 in Axes
  1301 | D:2      | Reached skill level 1 in Throwing
  1301 | D:2      | Reached XP level 5. HP: 3/46 MP: 4/6
  1549 | D:2      | Reached XP level 6. HP: 46/52 MP: 7/7
  1672 | D:3      | Found Kixass's Jewellery Emporium.
  1739 | D:3      | Found Oryga's Armour Shoppe.
  1931 | D:3      | Reached ** piety under Beogh
  2074 | D:3      | Found a glowing golden altar of the Shining One.
  2083 | D:3      | Found an opulent altar of Gozag.
  2181 | D:3      | Found Winluph's General Store.
  2193 | D:3      | Bought a potion of curing for 42 gold pieces
  2244 | D:3      | Found Syvesann's Book Shoppe.
  2491 | D:4      | Identified the ring "Wofaseza" {Wiz Str+2}
  2704 | D:4      | Reached XP level 7. HP: 59/59 MP: 9/9
  2950 | D:4      | Reached skill level 5 in Axes
  3031 | D:4      | Found a broken altar of Ashenzari.
  3040 | D:4      | Reached skill level 5 in Armour
  3045 | D:4      | Found a radiant altar of Vehumet.
  3053 | D:4      | Found a shimmering altar of Xom.
  3207 | D:5      | Entered Level 5 of the Dungeon
  3320 | D:5      | Reached skill level 5 in Shields
  3593 | D:5      | Reached XP level 8. HP: 10/66 MP: 11/11
  3746 | D:5      | Reached skill level 6 in Axes
  3788 | D:5      | Noticed Eustachio
  3800 | D:5      | Killed Eustachio
  3801 | D:5      | Reached skill level 5 in Invocations
  4200 | D:6      | Reached skill level 7 in Axes
  4344 | D:6      | Reached XP level 9. HP: 47/71 MP: 13/13
  4450 | D:6      | Reached *** piety under Beogh
  4451 | D:6      | Reached skill level 8 in Axes
  4711 | D:6      | Noticed a troll
  4727 | D:6      | Mangled by a troll

Illustrated notes

Levels and vault maps discovered:
D:1:      onia_arrival_handbag, layout_basic,
          ebering_ecumenical_altar_abandoned, serial_shops, shop,
          chequers_serial_rivers_micro_d
D:2:      layout_basic, minmay_split_cup_large, uniq_sigmund
D:3:      layout_loops_cross, mainiacjoe_overflow_swirl, serial_shops, shop,
          nicolae_shop_window_shopping, nicolae_shop_window_shopping,
          shop_fountains
D:4:      layout_basic, minmay_overflow_temple_star_quad, dreamdust_wishing_well
D:5:      layout_basic, uniq_eustachio
D:6:      layout_gridville

Skill      XL: |  1  2  3  4  5  6  7  8  9 |
---------------+----------------------------+-----
Axes           | 3 4 5 7 8 |  8.9
Fighting       | 4 |  4.0
Invocations    | 1 2 3 4 6 |  6.0
Throwing       | 1 2 3 |  3.0
Armour         | 4 5 7 |  7.8
Shields        | 4 5 6 |  6.0

Action                     |  1- 3 |  4- 6 |  7- 9 || total
---------------------------+-------+-------+-------++-------
  Melee: War axe           |   106 |   105 |   206 ||   417
  Throw: Javelin           |       |     4 |     3 ||     7
         Boomerang         |       |       |    21 ||    21
    Use: Potion            |       |     1 |     3 ||     4
         Scroll            |       |       |     7 ||     7
 Armour: Scale mail        |    62 |    48 |    91 ||   201
  Dodge: Dodged            |    60 |    42 |    96 ||   198
  Block: Buckler           |    25 |    33 |    67 ||   125
